 Dungeon Crawl Stone Soup version 0.01-2087-gb5e28fc70b (webtiles) character file.

Game seed: 886365145640445600, levelgen mode: deterministic

1078 pasperui the Covert (level 8, -4/48 HPs) Silent Spectre Fire Elementalist. Began on June 2, 2020. Was an Initiate of Nemelex Xobeh. Killed by divine providence ... invoked by an orc priest (13 damage) ... on level 4 of the Dungeon. The game lasted 00:21:22 (2834 turns).

pasperui the Covert (SSFE)                          Turns: 2834, Time: 00:21:23

Health: -4/48      AC:  4    Str:  4    XL:     8 ^: 1258
Magic:  13/17      EV: 16    Int: 19    God:    Nemelex Xobeh [...... (19)]
Gold:   167        SH:  0    Dex: 18    Spells: 5/15 levels left

rFire    . . .     Vision   .   i - +0 morningstar
rCold    . . .     Gourm    .   q - +0 whip (elec)
rNeg     + + +     Faith    .   a - +0 robe
rPois    ∞         Spirit   .   m - +0 helmet
rElec    .         Reflect  .   d - +0 cloak
rCorr    .         Harm     .   (no gloves)
MR       +....                  (no boots)
Stlth    ++++......             (no amulet)
HPRegen  0.26/turn              f - ring of wizardry
MPRegen  0.27/turn              (no ring)

@: silenced
A: silence aura, negative energy resistance 3, torment resistance, unbreathing,
petrification resistance, silent casting, insubstantial
a: Renounce Religion


You were on level 4 of the Dungeon.
You worshipped Nemelex Xobeh.
Nemelex Xobeh was noncommittal.
You were not hungry.

You visited 2 branches of the dungeon, and saw 5 of its levels.

You collected 167 gold pieces.

Inventory:

Weapons
 i - a +0 morningstar (weapon)
 l - a +0 hunting sling
 n - a +0 rapier
 q - a +0 whip of electrocution (weapon)
Armour
 a - a +0 robe (worn)
 d - a +0 cloak (worn)
 m - a +0 helmet (worn)
Jewellery
 c - a cursed amulet of magic regeneration {(Curse: rC-)}
 f - a ring of wizardry (left hand)
Wands
 o - a wand of polymorph (13)
 s - a wand of iceblast (8)
Potions
 b - 2 potions of haste
 e - a potion of heal wounds
 g - a potion of lignification
 h - a potion of curing
 j - a potion of cancellation
 k - a potion of magic
 p - a potion of ambrosia
Miscellaneous
 r - a plain deck of summoning


   Skills:
 - Level 4.0 Fighting
 * Level 3.1 Dodging
 - Level 8.5 Stealth
 * Level 4.3 Spellcasting
 - Level 4.0 Fire Magic


You had 5 spell levels left.
You knew the following spells:

 Your Spells              Type           Power        Failure   Level  Hunger
a - Foxfire               Fire           19 (25)      1%          1    N/A
b - Searing Ray           Fire           19 (50)      2%          2    N/A
c - Conjure Flame         Fire           19 (100)     4%          3    N/A
d - Sticky Flame          Fire/Pois      11 (100)     26%         4    N/A

Your spell library contained the following spells:

 Spells                   Type           Power        Failure   Level  Hunger
 Inner Flame              Hex/Fire       11 (100)     9%          3    N/A
 Fireball                 Fire           19 (200)     32%         5    N/A

Dungeon Overview and Level Annotations

Branches:
Dungeon (4/8)              Temple (1/1) D:4

Altars:
Elyvilon
Gozag
Hepliaklqana
Nemelex Xobeh
Okawaru
Ru
Uskayaw
Vehumet
Xom
Yredelemnul
Zin
The Shining One

Annotations:
D:4 Grum


Innate Abilities, Weirdness & Mutations

You are surrounded by an aura of unnatural quiet.
You are immune to poison.
You are immune to negative energy. (rN+++)
You are immune to unholy pain and torment.
You can survive without breathing.
You are immune to petrification.
You can communicate with gods and cast spells while silenced.
Your insubstantial form boosts your evasion and grants immunity to sticky flames, nets and constriction.


Message History

Your foxfire dissipates!
Casting: Foxfire (safe; 1% risk of failure)
Confirm with . or Enter, or press ? or * to list all spells.
You don't know that spell.
Unknown command.
Casting: Foxfire (safe; 1% risk of failure)
Confirm with . or Enter, or press ? or * to list all spells.
Okay, then.
Casting: Foxfire (safe; 1% risk of failure)
Confirm with . or Enter, or press ? or * to list all spells.
Aiming: Conjure Flame (safe; 4% risk of failure)
Press: ? - help, Dir - move target cursor The fire ignites!
The orc priest invokes the aid of Beogh against you.
Beogh smites you!
* * * LOW HITPOINT WARNING * * *
The orc priest mumbles some strange prayers to Beogh against you.
Beogh smites you!
You die...
Your body disappears without a glow.

.#.#....# ..## #.#...<.#
... ....^.### o. ###.###
#.# ###.# ##### o.
....####...# ##.#
##.........# #..# ..
#..#####[..############o#
..
................@....§oo#
..
..########.#####..#######
.. .## #.# #.## #. .#
#.## ##.# # .# #..###..#
.# ##.##..## .# #....##
.# #.#)## # .# ##.#.# #.


You could see an orc warrior and 2 orc priests.

Vanquished Creatures
  Sigmund (D:2)
  A phantom (D:3)
  An ogre (D:4)
  A bullfrog (D:4)
  Blork the orc (D:2)
  A howler monkey (D:4)
  2 crimson imps (D:2)
  3 orc priests
  3 orc wizards (D:3)
  2 worker ants
  A wyvern skeleton (D:3)
  7 adders
  A shadow imp (D:3)
  4 gnolls
  3 worms (D:2)
  An ooze (D:4)
  4 dart slugs
  9 leopard geckos
  9 orcs
  A ball python (D:3)
  5 bats
  9 giant cockroaches
  5 goblins
  6 hobgoblins
  8 kobolds
  A quokka (D:2)
  7 frilled lizards
  A quokka skeleton (D:3)
  5 rats
103 creatures vanquished.

Vanquished Creatures (others)
  315 foxfires
315 creatures vanquished.

Grand Total: 418 creatures vanquished

Notes
Turn   | Place    | Note
-------+----------+-------------------------------------------
     0 | D:1      | pasperui the Silent Spectre Fire Elementalist began the
                  | quest for the Orb.
     0 | D:1      | Reached XP level 1. HP: 10/10 MP: 6/6
    24 | D:1      | Reached XP level 2. HP: 13/15 MP: 4/8
   177 | D:1      | Reached XP level 3. HP: 7/19 MP: 8/10
   558 | D:2      | Noticed Blork the orc
   609 | D:2      | Killed Blork the orc
   609 | D:2      | Reached skill level 4 in Stealth
   609 | D:2      | Reached XP level 4. HP: 18/24 MP: 8/11
   690 | D:2      | Reached skill level 5 in Stealth
   702 | D:2      | Reached XP level 5. HP: 28/28 MP: 5/12
   878 | D:2      | Reached skill level 6 in Stealth
  1056 | D:2      | Learned a level 2 spell: Searing Ray
  1169 | D:2      | Reached skill level 7 in Stealth
  1169 | D:2      | Reached XP level 6. HP: 32/32 MP: 9/13
  1206 | D:2      | Found a white marble altar of Elyvilon.
  1206 | D:2      | Found a hazy altar of Hepliaklqana.
  1259 | D:2      | Noticed Sigmund
  1279 | D:2      | Killed Sigmund
  1279 | D:2      | Reached skill level 8 in Stealth
  1401 | D:3      | Found an iron altar of Okawaru.
  1586 | D:2      | Reached skill level 1 in Fighting
  1693 | D:3      | Reached XP level 7. HP: 18/38 MP: 10/14
  1942 | D:3      | Learned a level 3 spell: Conjure Flame
  1947 | D:3      | Learned a level 4 spell: Sticky Flame
  2133 | D:3      | HP: 1/41 [orc wizard/puff of flame (10)]
  2291 | D:3      | Noticed a hippogriff
  2371 | D:4      | Found a staircase to the Ecumenical Temple.
  2380 | Temple   | Entered the Ecumenical Temple
  2486 | Temple   | Became a worshipper of Nemelex Xobeh the Trickster
  2568 | D:4      | Received a gift from Nemelex Xobeh
  2660 | D:4      | Noticed Grum
  2660 | D:4      | Noticed a war dog
  2661 | D:4      | Noticed a war dog
  2725 | D:4      | Reached XP level 8. HP: 17/48 MP: 7/17
  2834 | D:4      | Killed from afar by an orc priest

Levels and vault maps discovered:
D:1:      lightli_arrival_statuegarden, layout_rooms
D:2:      layout_loops_cross, gammafunk_temple_overflow_wave, first_ration,
          due_unseen_surprise, uniq_blork_the_orc, uniq_sigmund
D:3:      layout_twisted_cavern, nicolae_overflow_hidden_temple,
          overflow_temple_1_default
D:4:      minmay_s_stair_smasher, layout_rooms, lemuel_coloured_pillars_altar,
          minmay_temple_entry_grid, enter_bailey_2, uniq_grum, uniq_psyche
Temple:   nicolae_temple_figure_zero

Skill      XL: |  1  2  3  4  5  6  7 |
---------------+----------------------+-----
Fire Magic     | 4 |  4.0
Stealth        | 4 5 7 8 |  8.5
Fighting       | 1 4 |  4.0
Spellcasting   | 4 |  4.3
Dodging        | 3 |  3.1

Action                   |  1- 3 |  4- 6 |  7- 9 || total
-------------------------+-------+-------+-------++-------
Melee: Unarmed           |    19 |    47 |     1 ||    67
       Morningstar       |       |    58 |     3 ||    61
 Cast: Foxfire           |    39 |    67 |    73 ||   179
       Searing Ray       |       |    18 |     7 ||    25
       Conjure Flame     |       |       |     1 ||     1
  Use: Potion            |       |       |     1 ||     1
 Stab: Sleeping          |       |     2 |     1 ||     3
       Distracted        |       |     1 |       ||     1
Armor: Robe              |     1 |    18 |     7 ||    26
Dodge: Dodged            |    20 |   106 |    36 ||   162
